 Dungeon Crawl Stone Soup version 0.24.0-1-gfbc8707122 (webtiles) character file.

Game seed: 16722171363675773974, levelgen mode: deterministic

1983 Arum the Blocker (level 9, -1/66 HPs)
             Began as a Formicid Fighter on Oct 27, 2019.
             Was a Priest of Ru.
             Slain by a freed slave (6 damage)
             ... led by Pikel
             ... on level 6 of the Dungeon.
             The game lasted 00:10:40 (5835 turns).

Arum the Blocker (Formicid Fighter)                 Turns: 5835, Time: 00:10:41

Health: -1/66      AC:  9    Str: 24    XL:     9   Next: 44%
Magic:  9/9        EV:  9    Int:  8    God:    Ru [***...]
Gold:   152        SH: 11    Dex: 10    Spells: 8/8 levels left

rFire    . . .     SeeInvis +   a - +0 war axe
rCold    . . .     Gourm    .   c - +0 shield
rNeg     . . .     Faith    .   b - +0 scale mail
rPois    .         Spirit   .   (helmet unavailable)
rElec    .         Reflect  .   (no cloak)
rCorr    .         Harm     .   r - +0 pair of gloves
MR       .....                  o - +0 pair of boots
Stlth    ..........             (no amulet)
HPRegen  0.21/turn              (no ring)
MPRegen  0.11/turn              (no ring)

@: lethally poisoned (-1 -> -5)
A: permanent stasis, dig shafts and tunnels, four strong arms, antennae 3, frail
1, hated by all
a: Dig, Shaft Self, Draw Out Power, Renounce Religion


You were on level 6 of the Dungeon.
You worshipped Ru.
Ru was most pleased with you.
You were not hungry.

You visited 1 branch of the dungeon, and saw 6 of its levels.
You also visited: Sewer.

You collected 232 gold pieces.
You spent 80 gold pieces at shops.

Inventory:

Hand Weapons
 a - a +0 war axe (weapon)
Missiles
 C - 2 throwing nets (quivered)
Armour
 b - a +0 scale mail (worn)
 c - a +0 shield (worn)
 o - a +0 pair of boots (worn)
 r - a +0 pair of gloves (worn)
 w - a +0 troll leather armour {Purgy}
Magical Staves
 q - an uncursed staff of death
Wands
 s - a wand of flame (6)
Scrolls
 e - 5 scrolls of identify
 h - 4 scrolls of remove curse {unknown}
 k - 6 scrolls of enchant weapon {unknown}
 l - 10 scrolls of teleportation
 n - 3 scrolls of amnesia
 y - a scroll of holy word {unknown}
 A - a scroll of blinking {unknown}
Potions
 d - 2 potions of might
 g - 2 potions of magic {unknown}
 i - 2 potions of curing {unknown}
 j - a potion of ambrosia {unknown}
 m - 2 potions of degeneration {unknown}
 p - 4 potions of agility {unknown}
 t - a potion of berserk rage {unknown}
 u - 4 potions of lignification
 v - a potion of flight {unknown}
 x - a potion of mutation {unknown}
 z - a potion of cancellation {unknown}
 B - 2 potions of brilliance {unknown}
Comestibles
 f - 10 rations
 D - 2 chunks of flesh


   Skills:
 + Level 8.2 Fighting
 + Level 7.0 Axes
 - Level 3.2 Armour
 + Level 8.9 Shields


You had 8 spell levels left.
You didn't know any spells.
Your spell library contained the following spells:

 Spells                   Type           Power        Failure   Level  Hunger
 Beastly Appendage        Tmut           #.....       71%         1    ##.....
 Spider Form              Tmut/Pois      #.........   97%         3    ####...
 Ice Form                 Ice/Tmut       #.......     100%        4    #####..
 Blade Hands              Tmut           #.........   100%        5    ######.
 Sticks to Snakes         Tmut           Unusable     N/A         2    N/A

Dungeon Overview and Level Annotations

Branches:
Dungeon (6/15)              Sewer (visited)
 Temple: D:4-7

Altars:
Ashenzari
Dithmenos
Elyvilon
Makhleb
Ru
Trog
Vehumet
Wu Jian

Shops:
D:4 ![   D:6 [

Annotations:
D:5 2 transporters, mopl's ghost, amateur MiBe


Innate Abilities, Weirdness & Mutations

You cannot be hasted, slowed, berserked, paralysed or teleported.
You can dig through walls and to a lower floor.
Your four strong arms can wield two-handed weapons with a shield.
You have a pair of large antennae on your head. (SInv)
You are frail. (-10% HP)
You are hated by all.


Message History

You slash the howler monkey!
You kill the howler monkey!
You feel sick. The freed slave hits you!
* * * LOW HITPOINT WARNING * * *
Unknown command.
You hit the freed slave but do no damage.
The freed slave is severely wounded.
You feel sick. The freed slave hits you.
* * * LOW HITPOINT WARNING * * *
Unknown command.
You hit the freed slave.
The freed slave is almost dead.
You feel sick. The freed slave hits you.
* * * LOW HITPOINT WARNING * * *
You closely miss the freed slave.
The freed slave is almost dead.
The freed slave hits you.
* * * LOW HITPOINT WARNING * * *
The freed slave hits you.
You die...

#.# #>...#..#≈._.≈
#.###.####..#≈...≈
#.....# #..#.≈≈≈.
#.###.####..#.....
##.###........#...#
#..............#.#.
#..###.####..##.#..
#............###.#.
#.@p.........######
#.†.##.####......##
#...##,# ##.###.##
#...#*,* #.# #.##
#.#.#*,*####.# #.##
#.*..,,,,....# #.##
#.#.######.#># #.##
#[...........# #.##
**#.........#* #.##


You could see a freed slave.

Vanquished Creatures
  Pikel (D:6)
  Menkaure (D:5)
  Purgy (Sewer)
  A sky beast (D:6)
  2 ogres
  A phantom (D:5)
  3 centaurs (D:6)
  2 howler monkeys
  4 crimson imps
  A hound (D:5)
  An iguana (D:6)
  3 orc wizards
  Ijyb (D:3)
  Natasha (thrice) (D:3)
  3 worker ants
  A killer bee zombie (D:5)
  4 gnolls
  A howler monkey skeleton (D:5)
  7 adders
  2 shadow imps (D:6)
  An ooze (D:4)
  5 worms
  4 dart slugs
  6 leopard geckos
  10 orcs
  13 giant cockroaches
  9 hobgoblins
  6 jackals
  3 quokkas
  4 bats
  7 frilled lizards
  9 goblins
  8 kobolds
  A leopard gecko skeleton (D:4)
  11 rats
140 creatures vanquished.

Vanquished Creatures (others)
  A hound (D:6)
  A leopard gecko (D:6)
2 creatures vanquished.

Grand Total: 142 creatures vanquished

Notes
Turn   | Place    | Note
-------+----------+-------------------------------------------
     0 | D:1      | Arum the Formicid Fighter began the quest for the Orb.
     0 | D:1      | Reached XP level 1. HP: 18/18 MP: 1/1
   193 | D:1      | Reached XP level 2. HP: 24/24 MP: 2/2
   333 | D:1      | Reached XP level 3. HP: 18/30 MP: 3/3
   973 | D:2      | Reached XP level 4. HP: 23/37 MP: 4/4
  1270 | D:2      | Found an ornate altar of the Wu Jian Council.
  1271 | D:2      | Found a shattered altar of Ashenzari.
  1271 | D:2      | Found a white marble altar of Elyvilon.
  1272 | D:2      | Found a sacrificial altar of Ru.
  1276 | D:2      | Found a shadowy altar of Dithmenos.
  1285 | D:2      | Became a worshipper of Ru the Awakened
  1442 | D:2      | Reached XP level 5. HP: 32/42 MP: 5/5
  2005 | D:3      | Noticed Natasha
  2031 | D:3      | Reached skill level 5 in Shields
  2034 | D:3      | Killed Natasha
  2241 | D:3      | Found a faded altar of an unknown god.
  2337 | D:3      | Reached XP level 6. HP: 49/49 MP: 6/6
  2364 | D:3      | Noticed Ijyb
  2378 | D:3      | Killed Ijyb
  2486 | D:3      | Noticed Natasha
  2501 | D:3      | Killed Natasha
  2501 | D:3      | Reached skill level 5 in Fighting
  2858 | D:3      | Noticed Natasha
  2875 | D:3      | Killed Natasha
  3016 | D:3      | Gained mutation: You are frail. (-10% HP) [Ru sacrifice]
  3016 | D:3      | Reached * piety under Ru
  3016 | D:3      | Reached ** piety under Ru
  3145 | D:4      | Reached XP level 7. HP: 32/50 MP: 7/7
  3476 | D:4      | Found Icafob's Armour Shop.
  3573 | D:4      | Found Nemukhlon's Distillery.
  3581 | D:4      | Bought a potion of lignification for 30 gold pieces
  3581 | D:4      | Bought a potion of heal wounds for 50 gold pieces
  3755 | D:4      | Found a burning altar of Makhleb.
  3756 | D:4      | Found a radiant altar of Vehumet.
  3873 | D:5      | Entered Level 5 of the Dungeon
  4079 | D:5      | Noticed Menkaure
  4096 | D:5      | Killed Menkaure
  4096 | D:5      | Reached skill level 5 in Axes
  4096 | D:5      | Reached XP level 8. HP: 12/57 MP: 8/8
  4592 | D:5      | Found a bloodstained altar of Trog.
  4763 | D:5      | Noticed mopl's ghost (amateur MiBe)
  4764 | D:5      | Found a transporter.
  4765 | D:5      | Found a transporter.
  4815 | D:5      | Noticed a hornet
  5219 | D:6      | Found Diwn's Armour Shop.
  5248 | D:6      | Found a glowing drain.
  5304 | Sewer    | Entered a sewer
  5445 | Sewer    | Noticed Purgy
  5460 | Sewer    | Killed Purgy
  5525 | D:6      | Found a sacrificial altar of Ru.
  5619 | D:6      | Noticed Pikel
  5632 | D:6      | Killed Pikel
  5632 | D:6      | Reached XP level 9. HP: 66/66 MP: 9/9
  5746 | D:6      | Gained mutation: You are hated by all. [Ru sacrifice]
  5746 | D:6      | Reached *** piety under Ru
  5835 | D:6      | Slain by a freed slave

Levels and vault maps discovered:
D:1:      dpeg_arrival_water_temple_mockup, layout_loops_ring
D:2:      minmay_roachtagon, layout_basic, minitemple, first_ration
D:3:      layout_loops_ring, chequers_ecumenical_altar_island,
          minmay_misc_feat_pillars, uniq_natasha, uniq_ijyb
D:4:      cheibrodos_helix_gallery, layout_cave_pools,
          grunt_temple_overflow_lords_of_destruction, serial_glass,
          glass_columns_c, glass_columns_b, serial_shops, shop, shop
D:5:      layout_loops_ring, gammafunk_ghost_hive, trog_hazing_becter,
          uniq_menkaure
D:6:      layout_loops_ring, portal_sewer_entry_b, serial_shops,
          nicolae_shop_waterfront, nicolae_ru_awakened_eye, uniq_pikel

Skill      XL: |  1  2  3  4  5  6  7  8  9 |
---------------+----------------------------+-----
Shields        | 4 5 6 8 |  8.9
Fighting       | 4 5 6 8 |  8.2
Axes           | 3 4 5 6 7 |  7.0
Armour         | |  3.2

Action                   |  1- 3 |  4- 6 |  7- 9 || total
-------------------------+-------+-------+-------++-------
Melee: War axe           |   105 |   187 |   221 ||   513
Invok: Sacrifice Health  |       |     1 |       ||     1
       Sacrifice Love    |       |       |     1 ||     1
 Abil: Dig               |     1 |       |     1 ||     2
Evoke: Wand              |       |       |     6 ||     6
  Use: Scroll            |       |       |     5 ||     5
       Potion            |       |       |     1 ||     1
 Stab: Invisible         |       |       |     1 ||     1
  Eat: Chunk             |       |     8 |     9 ||    17
Armor: Scale mail        |    51 |    82 |    58 ||   191
Dodge: Dodged            |    41 |    66 |    76 ||   183
Block: Shield            |    58 |   111 |   124 ||   293
